 Dungeon Crawl Stone Soup version 0.20.0-8-g6b59dc7 (webtiles) character file.

147 Minion the Bolt Thrower (level 5, 0/34 HPs)
             Began as an Octopode Hunter on May 30, 2017.
             Slain by an orc
             ... wielding a +2 whip of distortion
              (14 damage)
             ... on level 1 of the Dungeon.
             The game lasted 00:03:32 (1769 turns).

Minion the Bolt Thrower (Octopode Hunter)           Turns: 1769, Time: 00:03:33

Health: 0/34       AC:  1    Str: 11    XL:     5   Next: 29%
Magic:  5/5        EV: 17    Int: 14    God:
Gold:   81         SH:  0    Dex: 13    Spells: 4/4 levels left

rFire    . . .     SeeInvis .   b - +0 short sword
rCold    . . .     Gourm    .   (no shield)
rNeg     . . .     Faith    .   (helmet restricted)
rPois    +         Spirit   .   (no amulet)
rElec    .         Reflect  .   j - +4 ring of evasion
rCorr    .         Harm     .   k - ring of poison resistance
MR       .....                  (no ring)
Stlth    +++.......             (no ring)
Regen    0.2/turn               (no ring)
MPRegen  0.1/turn               (no ring)
                                (no ring)
                                (no ring)

@: no status effects
A: almost no armour, stealthy swim, amphibious, 8 rings, constrict 8, camouflage
1, gelatinous body 1
a: no special abilities


You were on level 1 of the Dungeon.
You were hungry.

You visited 1 branch of the dungeon, and saw 3 of its levels.

You collected 81 gold pieces.

Inventory:

Hand Weapons
 a - a +1 hand crossbow
 b - a +0 short sword (weapon)
Missiles
 c - a bolt
Jewellery
 j - a +4 ring of evasion (left tentacle)
 k - a ring of poison resistance (right tentacle)
Scrolls
 l - a scroll of amnesia {unknown}
 p - a scroll of fog {unknown}
 q - 2 scrolls of identify {unknown}
 s - a scroll of immolation {unknown}
 t - a scroll of noise {unknown}
 u - a scroll of teleportation {unknown}
Potions
 e - 5 potions of heal wounds {unknown}
 h - a potion of ambrosia {unknown}
 i - a potion of magic {unknown}
 n - a potion of invisibility {unknown}
 o - a potion of curing {unknown}
 r - 2 potions of lignification {unknown}
Comestibles
 d - 3 bread rations
 g - 2 fruits
 m - a meat ration


   Skills:
 - Level 2.0 Fighting
 + Level 6.4 Crossbows
 - Level 2.0 Dodging
 - Level 1.3 Stealth


You had 4 spell levels left.
You didn't know any spells.

Dungeon Overview and Level Annotations

Branches:
Dungeon (3/15)

Altars:


Innate Abilities, Weirdness & Mutations

You cannot wear most types of armour.
You are very stealthy in the water. (Stealth+)
You are amphibious.
You can wear up to eight rings at the same time.
You can use your tentacles to constrict eight enemies at once.
Your skin changes colour to match your surroundings (Stealth+).
Your rubbery body absorbs attacks. (AC +1, EV +1)


Message History

The hound skeleton closely misses you. The orc hits you with a morningstar!
The jackal completely misses you.
You release your grip on the hound skeleton.
The orc misses you. The hound skeleton barely misses you.
The jackal misses you. The orc misses you.
You climb upwards.
There is a stone staircase leading down here.
The jackal completely misses you. The jackal barely misses you.
The orc closely misses you.
There is a stone staircase leading up here.
The jackal barely misses you. The orc barely misses you.
The orc completely misses you.
You climb upwards.
There is a stone staircase leading down here.
You barely miss the orc. Your grab misses the orc.
The jackal completely misses you.
The orc hits you with a whip of distortion.
Space warps horribly around you!
You die...

#.######.# #.# #.######..
#........# #.# #.........
##.####### ##+##########.# #.####
##(..## #.# #.##.## ##.....## ##.#
#...#.###.......## ##..#
#########....###.........####...#
.............).o)........'..รท....
#########....###@o.......####....
##.#.# ##h............... ###.#
##......#.#####.. #.#
##...#.#.#...#.. #.#
#####+##.#.#.#.#.#
###.###...#.##.#.#.#.#.>
#......###.....#...#.#.. #.....##
##.##.#####.#.. #.....#
#..#.......#..


You could see 2 orcs and a jackal.

Vanquished Creatures
  Jessica (D:2)
  An orc wizard (D:3)
  5 adders (D:2)
  A worm (D:2)
  A dart slug (D:2)
  3 leopard geckos
  2 orcs (D:2)
  3 giant cockroaches
  3 goblins
  4 hobgoblins
  6 kobolds
  A ball python (D:1)
  7 bats (D:1)
  5 frilled lizards
  8 rats
51 creatures vanquished.

Notes
Turn   | Place    | Note
-------+----------+-------------------------------------------
     0 | D:1      | Minion the Octopode Hunter began the quest for the Orb.
     0 | D:1      | Reached XP level 1. HP: 14/14 MP: 1/1
    59 | D:1      | Reached XP level 2. HP: 16/19 MP: 2/2
   706 | D:1      | Reached XP level 3. HP: 24/24 MP: 3/3
  1019 | D:2      | Reached skill level 5 in Crossbows
  1041 | D:2      | Reached XP level 4. HP: 29/29 MP: 4/4
  1321 | D:2      | Noticed Jessica
  1330 | D:2      | Killed Jessica
  1472 | D:2      | Reached skill level 6 in Crossbows
  1493 | D:3      | Reached XP level 5. HP: 31/34 MP: 5/5
  1769 | D:1      | Slain by an orc

Skill      XL: |  1  2  3  4 |
---------------+-------------+-----
Crossbows      | 5 6 |  6.4
Fighting       | |  2.0
Dodging        | |  2.0
Stealth        | |  1.3

Action                   |  1- 3 |  4- 6 || total
-------------------------+-------+-------++-------
Melee: Short sword       |       |    14 ||    14
       Constrict         |       |     3 ||     3
       Tentacles         |       |     1 ||     1
 Fire: Hand crossbow     |    64 |    34 ||    98
  Eat: Chunk             |       |     2 ||     2
Armor: Skin              |     2 |       ||     2
Dodge: Dodged            |     8 |    51 ||    59
